AoeStats
← TAS69

Arabia

510355805Analyzed
4v4 RM · 1d ago on Sep 30, 2026· 37m 23s· 8 players
Game mode
Random Map
Map size
Large (8 player)
Population
200
Speed
Normal
Resources
Standard
Victory
Conquest
Starting age
Dark Age
Ending age
Imperial Age
RankedLock teamsTeams togetherTeam positionsShared explorationLock speedFull tech treeHidden civsTurbo modeCheats
Victory
Defeat
🇹🇼 Saxons · Taiwan
1222
+14
🇹🇷 Romans · Türkiye
1127
+18
🇨🇳 Persians · China
1107
+19
🇧🇷 Britons · Brazil
1072
+29
🇨🇭 Mongols · Switzerland
1182
-18
🇪🇸 Britons · Spain
1180
-18
🇨🇴 Magyars · Colombia
1162
-17
🇪🇸 Khmer · Spain
1159
-17
TAS69
5:25 Loom
11:33 Feudal Age
18:27 Castle Age
16:58 Double-Bit Axe
16:57 Horse Collar
18:00 Gold Mining
20:28 Forging
19:53 Pikeman
20:50 Bloodlines
20:49 Scale Barding Armor
21:41 Scale Mail Armor
24:37 Iron Casting
31:53 Gold Shaft Mining
31:09 Stone Mining
32:46 Bow Saw
32:41 Heavy Plow
38:24 Imperial Age
diegosgdm
3:57 Loom
10:21 Feudal Age
15:56 Castle Age
14:22 Double-Bit Axe
14:25 Horse Collar
22:55 Fletching
27:26 Elite Skirmisher
Mr. Bolivar
5:50 Loom
8:34 Feudal Age
10:39 Double-Bit Axe
10:35 Horse Collar
18:32 Wheelbarrow
18:44 Wheelbarrow
21:51 Castle Age
20:51 Stone Mining
20:52 Gold Mining
20:57 Fletching
21:18 Forging
21:14 Scale Barding Armor
21:09 Padded Archer Armor
23:05 Bow Saw
22:57 Heavy Plow
22:54 Bodkin Arrow
25:15 Gold Shaft Mining
26:58 Leather Archer Armor
29:57 Hand Cart
33:57 Imperial Age
32:09 Husbandry
32:20 Bloodlines
33:08 Stone Shaft Mining
32:25 Light Cavalry
33:42 Iron Casting
34:31 Chain Barding Armor
35:24 Ballistics
36:05 Chemistry
35:46 Conscription
35:55 Bracer
37:23 Blast Furnace
Elfelo
6:30 Loom
8:57 Feudal Age
10:03 Double-Bit Axe
12:22 Horse Collar
21:41 Castle Age
20:04 Gold Mining
21:22 Bloodlines
21:19 Scale Barding Armor
22:20 Wheelbarrow
23:03 Bow Saw
23:21 Chain Barding Armor
23:03 Husbandry
26:57 Town Watch
Chefia Dixavas
11:40 Feudal Age
10:28 Loom
12:15 Double-Bit Axe
12:15 Horse Collar
19:18 Fletching
19:29 Padded Archer Armor
22:56 Castle Age
21:22 Gold Mining
23:23 Crossbowman
24:23 Bodkin Arrow
25:35 Leather Archer Armor
29:38 Heavy Plow
32:08 Ballistics
33:44 Wheelbarrow
33:31 Bow Saw
33:58 Gold Shaft Mining
33:15 Stone Mining
37:26 Imperial Age
36:53 Hand Cart
37:20 Town Watch
KODZHA
1:19 Loom
4:47 Loom
10:26 Feudal Age
11:03 Man-at-Arms
15:54 Wheelbarrow
16:28 Double-Bit Axe
17:14 Horse Collar
21:55 Castle Age
20:09 Gold Mining
22:45 Forging
23:00 Crossbowman
25:28 Pikeman
27:26 Fletching
Malvavisco
7:43 Loom
9:49 Feudal Age
14:12 Double-Bit Axe
14:09 Horse Collar
16:45 Castle Age
15:29 Gold Mining
18:39 Fletching
18:50 Padded Archer Armor
24:30 Ballistics
24:09 Bodkin Arrow
26:33 Bloodlines
28:56 Husbandry
29:06 Stone Mining
29:51 Gold Shaft Mining
29:28 Bow Saw
30:26 Leather Archer Armor
35:54 Gold Shaft Mining
35:22 Heavy Plow
35:32 Thumb Ring
Vtinglove
6:35 Loom
9:34 Feudal Age
10:23 Double-Bit Axe
11:09 Forging
11:07 Scale Barding Armor
10:53 Horse Collar
19:52 Bloodlines
19:30 Town Watch
24:31 Castle Age
22:25 Fletching
25:08 Bow Saw
25:01 Heavy Plow
27:42 Chain Barding Armor
28:13 Husbandry
29:17 Gold Mining
29:17 Stone Mining
30:54 Iron Casting
35:27 Wheelbarrow
37:33 Hand Cart
40:05 Imperial Age
38:16 Gold Shaft Mining
37:32 Stone Mining
Connection lost

Rejoining the realm…

Still unreachable

The connection could not be restored.

Session expired

The server has moved on; the page needs a fresh start.